 Dungeon Crawl Stone Soup version 0.26-a0-812-g31a745ddcd (webtiles) character file.

Game seed: 16004988090071629334

329 Lanoc the Vandal (level 6, 0/42 HPs)
             Began as a Halfling Warper on Nov 17, 2020.
             Was a Follower of Kikubaaqudgha.
             Slain by a bullfrog skeleton (6 damage)
             ... on level 4 of the Dungeon.
             The game lasted 00:07:34 (3509 turns).

Lanoc the Vandal (Halfling Warper)                  Turns: 3509, Time: 00:07:35

Health: 0/42       AC:  4    Str: 12    XL:     6   Next: 80%
Magic:  8/8        EV: 16    Int: 18    God:    Kikubaaqudgha [*.....]
Gold:   163        SH:  0    Dex: 15    Spells: 3/8 levels left

rFire    . . .     SeeInvis .   b - +1 hunting sling
rCold    . . .     Faith    .   (shield restricted)
rNeg     . . .     Spirit   .   c - +0 leather armour
rPois    +         Reflect  .   (no helmet)
rElec    .         Harm     .   (no cloak)
rCorr    .         Rampage  .   v - +0 pair of gloves (curse)
MR       .....                  (no boots)
Stlth    +.........             n - amulet of the acrobat
HPRegen  0.14/turn              m - +6 ring of intelligence
MPRegen  0.11/turn              g - ring of poison resistance

@: brilliant
A: small, mutation resistance 1
a: Receive Corpses, Renounce Religion


You were on level 4 of the Dungeon.
You worshipped Kikubaaqudgha.
Kikubaaqudgha was aware of your devotion.
You visited 1 branch of the dungeon, and saw 4 of its levels.

You collected 263 gold pieces.
You spent 100 gold pieces at shops.

Inventory:

Hand Weapons
 a - a +2 dagger of freezing
 b - a +1 hunting sling (weapon)
Missiles
 e - 2 boomerangs of dispersal
 q - 76 stones (quivered)
 x - 10 sling bullets
 B - a boomerang
Armour
 c - a +0 leather armour (worn)
 v - a cursed +0 pair of gloves (worn)
Jewellery
 g - a ring of poison resistance (right hand)
 m - a +6 ring of intelligence (left hand)
 n - an amulet of the acrobat (around neck)
 z - an uncursed ring of protection from fire
Wands
 D - a wand of paralysis (9)
Scrolls
 d - a scroll of blinking
 f - a scroll of enchant weapon
 o - 3 scrolls of magic mapping {unknown}
 s - a scroll of identify {unknown}
 t - 2 scrolls of enchant armour {unknown}
 u - a scroll of fog {unknown}
 y - a scroll of teleportation
 A - a scroll of immolation {unknown}
 C - 4 scrolls of remove curse
Potions
 h - a potion of curing
 i - 2 potions of berserk rage
 j - a potion of resistance {unknown}
 k - 3 potions of brilliance
 l - a potion of invisibility {unknown}
 p - a potion of might {unknown}
 r - a potion of cancellation {unknown}
 w - a potion of mutation {unknown}


   Skills:
 + Level 3.1 Fighting
 - Level 2.4 Short Blades
 * Level 5.6(5.7) Slings
 - Level 1.0(2.5) Throwing
 - Level 1.1 Armour
 + Level 3.8 Dodging
 - Level 1.5 Spellcasting
 * Level 0.4 Necromancy
 - Level 4.2 Translocations


You had 3 spell levels left.
You knew the following spells:

 Your Spells              Type           Power        Failure   Level
a - Blink                 Tloc           N/A          6%          2
b - Gell's Gravitas       Tloc           ###.......   13%         3

Your spell library contained the following spells:

 Spells                   Type           Power        Failure   Level
 Lesser Beckoning         Tloc           ###.......   13%         3
 Teleport Other           Tloc           ###.....     13%         3
 Animate Skeleton         Necr           #.....       21%         1
 Pain                     Necr           #...         21%         1
 Sublimation of Blood     Necr           #.........   30%         2
 Vampiric Draining        Necr           #.........   52%         3
 Passage of Golubria      Tloc           N/A          38%         4


Dungeon Overview and Level Annotations

Branches:
Dungeon (4/15)
 Temple: D:4-7

Altars:
Ashenzari
Kikubaaqudgha
Xom

Shops:
D:4 *


Innate Abilities, Weirdness & Mutations

You are small and have problems with some larger weapons.
You are somewhat resistant to further mutation.


Message History

The phantom is almost destroyed.
The phantom hits you!
* * * LOW HITPOINT WARNING * * *
The phantom blinks!
Firing (i - inventory. (/) - cycle)
q - 78 stones (quivered)
Press: ? - help, Shift-Dir - straight line, f/p - phantom
Aim: a phantom (almost destroyed)
You shoot a stone.
The stone completely misses the phantom.
Firing (i - inventory. (/) - cycle)
q - 77 stones (quivered)
Press: ? - help, Shift-Dir - straight line, f/p - phantom
Aim: a phantom (almost destroyed)
You shoot a stone. The stone hits the phantom.
The phantom is almost destroyed.
It was a potion of brilliance.
You feel clever all of a sudden.
The bullfrog skeleton barely misses you.
The phantom blinks!
The bullfrog skeleton hits you.
You die...
Kikubaaqudgha rasps: "You have failed me!
Welcome... death!"

#.##.##.# #...# #
#.##..#.# #...# #
#.###.#.######...#####
###..∩..................
.####.................
.#####...#........>..
........##.### #!..#
.†.........### #Z(.#
.......###...###@..#
........♣###...#(((#
######♣..♣ ###.#§.(###
♣...♣ #..(.(<.#
♣...♣##..((.....
....♣#..###(#.. ...♣##(#
.# . .... #(# . ... #..
.


You could see a bullfrog skeleton.

Vanquished Creatures
  2 jellies (D:2)
  A worker ant (D:4)
  4 gnolls
  6 adders
  10 oozes
  An adder skeleton (D:4)
  A worm (D:2)
  2 dart slugs (D:2)
  9 orcs (D:3)
  9 bats
  3 giant cockroaches
  9 hobgoblins
  7 jackals
  12 kobolds
  A quokka (D:2)
  2 ball pythons
  4 frilled lizards
  4 goblins
  A leopard gecko skeleton (D:4)
  12 rats
100 creatures vanquished.

Vanquished Creatures (others)
  An adder (D:4)
  A giant cockroach (D:4)
  A jackal (D:4)
  A frilled lizard (D:4)
  4 fungi (D:2)
  9 toadstools (D:2)
17 creatures vanquished.

Grand Total: 117 creatures vanquished

Notes
Turn   | Place    | Note
-------+----------+-------------------------------------------
     0 | D:1      | Lanoc the Halfling Warper began the quest for the Orb.
     0 | D:1      | Reached XP level 1. HP: 14/14 MP: 3/3
   177 | D:1      | Reached skill level 1 in Slings
   177 | D:1      | Reached XP level 2. HP: 19/19 MP: 4/4
   206 | D:1      | Reached skill level 2 in Slings
   210 | D:1      | Learned a level 2 spell: Blink
   452 | D:1      | Reached XP level 3. HP: 24/24 MP: 5/5
   576 | D:1      | Learned a level 3 spell: Gell's Gravitas
   877 | D:2      | Reached skill level 3 in Slings
   877 | D:2      | Reached XP level 4. HP: 30/30 MP: 6/6
  1303 | D:2      | Reached XP level 5. HP: 35/35 MP: 7/7
  1382 | D:2      | Found an ancient bone altar of Kikubaaqudgha.
  1517 | D:2      | Reached skill level 4 in Slings
  2239 | D:2      | Reached XP level 6. HP: 37/41 MP: 8/8
  2277 | D:2      | Reached skill level 5 in Slings
  2751 | D:3      | Found a faded altar of an unknown god.
  2766 | D:3      | Became a worshipper of Kikubaaqudgha
  2766 | D:3      | Reached * piety under Kikubaaqudgha
  2766 | D:3      | Identified Kikubaaqudgha's Almanac of Sinister Secrets
                  | (Kikubaaqudgha gifted it to you on level 3 of the Dungeon)
  2766 | D:3      | Received a gift from Kikubaaqudgha
  3304 | D:4      | Found a broken altar of Ashenzari.
  3407 | D:4      | Found a shimmering altar of Xom.
  3454 | D:4      | Found Qeleer's Assorted Antiques.
  3463 | D:4      | Bought a scroll labelled MUOTRO GUTS for 25 gold pieces
  3463 | D:4      | Bought a scroll of teleportation for 75 gold pieces
  3475 | D:4      | Noticed a phantom
  3509 | D:4      | Slain by a bullfrog skeleton

Illustrated notes

Levels and vault maps discovered:
D:1:      wander_arrival_lonely_grave, layout_basic
D:2:      cheibrodos_fertilizer, layout_rooms, nicolae_overflow_crystal_walls,
          minmay_hexomino_p4
D:3:      layout_rooms, chequers_ecumenical_altar_island
D:4:      layout_loops_cross, kennysheep_ying_yang, kennysheep_mini_moat,
          xom_confusion_cloud, serial_shops, shop,
          nicolae_qazlal_general_emergency, uniq_grinder

Skill      XL: |  1  2  3  4  5  6 |
---------------+-------------------+-----
Fighting       | 2 3 |  3.1
Slings         | 1 2 3 4 5 |  5.6
Dodging        | 3 |  3.8
Translocations | 4 |  4.2
Short Blades   | |  2.4
Throwing       | |  1.0
Armour         | |  1.1
Spellcasting   | |  1.5
Necromancy     | |  0.4

Action                   |  1- 3 |  4- 6 || total
-------------------------+-------+-------++-------
Melee: Short sword       |     8 |       ||     8
       Dagger            |       |    64 ||    64
 Fire: Hunting sling     |    76 |   248 ||   324
Throw: Boomerang         |       |     3 ||     3
  Use: Potion            |       |     4 ||     4
       Scroll            |       |     4 ||     4
Armor: Leather armour    |     5 |    28 ||    33
Dodge: Dodged            |    26 |   149 ||   175

Table legend: (Time is in decaauts)
 A = Elapsed time spent in this place.
 B = Non-inter-level travel time spent in this place.
 C = Inter-level travel time spent in this place.
 D = Time resting spent in this place.
 E = Time spent auto-exploring this place.
 F = Levels seen in this place.
 G = Mean time per level.
                   A        B        C        D        E       F      G
               +--------+--------+--------+--------+--------+-----+--------+
         Total |   3505 |   3449 |     56 |    500 |   2224 |   4 |  876.2 |
       Dungeon |   3505 |   3449 |     56 |    500 |   2224 |   4 |  876.2 |
               +--------+--------+--------+--------+--------+-----+--------+

Top non-repeatable levels by time:
     D:2: 1163 daAuts
     D:1: 1107 daAuts
     D:3: 1002 daAuts
     D:4: 232 daAuts
